 Dungeon Crawl Stone Soup version 0.29.1-1-gd02db69 (webtiles) character file.

Game seed: 6230100900384865704

219 Kel the Chopper (level 5, -5/32 HPs)
             Began as a Gargoyle Berserker on Nov 26, 2022.
             Was a Believer of Trog.
             Slain by a gnoll
             ... wielding a +0 halberd
             ... led by a gnoll bouda
              (11 damage)
             ... on level 5 of the Dungeon.
             The game lasted 00:06:27 (4377 turns).

Kel the Chopper (Gargoyle Berserker)                Turns: 4377, Time: 00:06:28

Health: -5/32      AC: 14    Str: 22    XL:     5   Next: 96%
Magic:  14/14      EV:  8    Int:  8    God:    Trog [**....]
Gold:   236        SH:  0    Dex:  9    Spells: 4/4 levels left

rFire   . . .      SeeInvis .   a - +0 hand axe
rCold   . . .      Faith    .   (no shield)
rNeg    + . .      Spirit   .   C - +0 chain mail
rPois   ∞          Reflect  .   (no helmet)
rElec   +          Harm     .   (no cloak)
rCorr   .          Rampage  .   A - +0 pair of gloves
Will    .....                   s - +0 pair of boots
Stlth   ..........              (no amulet)
HPRegen 0.10/turn               m - ring of magical power
MPRegen 0.14/turn               y - ring of flight

@: on berserk cooldown, flying, slowed, very slow
A: sickness immunity, AC +4, negative energy resistance 1, electricity
resistance, torment resistance 1, petrification resistance
a: Renounce Religion, Berserk, Trog's Hand


You were on level 5 of the Dungeon.
You worshipped Trog.
Trog was pleased with you.
You visited 1 branch of the dungeon, and saw 5 of its levels.

You collected 236 gold pieces.

Inventory:

Hand Weapons
 a - a +0 hand axe (weapon)
Missiles
 n - 4 throwing nets (quivered)
Armour
 s - a +0 pair of boots (worn)
 A - a +0 pair of gloves (worn)
 C - a +0 chain mail (worn)
Jewellery
 m - a ring of magical power (left hand)
 y - a ring of flight (right hand)
Wands
 r - a wand of roots (10)
Scrolls
 b - 2 scrolls of fear {unknown}
 e - 2 scrolls of enchant weapon {unknown}
 f - a scroll of vulnerability {unknown}
 g - 3 scrolls of identify {unknown}
 h - a scroll of brand weapon {unknown}
 l - a scroll of amnesia {unknown}
 o - a scroll of enchant armour {unknown}
 u - a scroll of teleportation {unknown}
 v - 2 scrolls of acquirement {unknown}
Potions
 d - a potion of ambrosia {unknown}
 i - a potion of curing {unknown}
 j - 7 potions of lignification {unknown}
 k - 3 potions of experience {unknown}
 p - a potion of attraction {unknown}
 q - a potion of resistance {unknown}
 t - a potion of haste {unknown}
 w - a potion of flight {unknown}
 x - 2 potions of brilliance {unknown}
 z - a potion of mutation {unknown}
 B - 3 potions of might {unknown}


   Skills:
 - Level 3.2 Fighting
 + Level 5.9 Axes
 - Level 2.1 Armour
 - Level 1.5 Dodging


You had 4 spell levels left.
You didn't know any spells.
Your spell library was empty.

Dungeon Overview and Level Annotations

Branches:
Dungeon (5/15)
 Temple: D:4-7

Altars:
Zin


Innate Abilities, Weirdness & Mutations

You are immune to sickness and miasma.
Your stone body is resilient. (AC +4)
You are immune to poison.
You resist negative energy. (rN+)
You are resistant to electric shocks. (rElec)
You are resistant to unholy torment.
You are immune to petrification.


Message History

You slash the gnoll bouda!
You kill the gnoll bouda!
Trog accepts your kill.
The gnoll throws a throwing net.
The throwing net closely misses you. The gnoll barely misses you.
The gnoll hits you but does no damage.
Things that are here:
a +0 whip; a +0 robe An orc comes into view.
It is wielding a +0 club.
You feel a strong urge to attack something.
The orc shouts!
You hear a shout!
The gnoll barely misses you.
You barely miss the gnoll. You completely miss the gnoll.
The gnoll hits you but does no damage.
You slash the gnoll! You punch the gnoll.
You kill the gnoll!
Trog accepts your kill.
You slash the gnoll! The gnoll barely misses you. The gnoll barely misses you.
You see here a +0 spear.
You feel a strong urge to attack something.
You are no longer berserk.
You are exhausted.
You feel yourself slow down.
You closely miss the gnoll.
The gnoll is heavily wounded.
The gnoll hits you with a +0 halberd. The gnoll hits you but does no damage.
You closely miss the gnoll.
The gnoll is heavily wounded.
The gnoll barely misses you.
You closely miss the gnoll.
The gnoll is heavily wounded.
You hit the orc. The gnoll hits you with a +0 halberd.
* * * LOW HITPOINT WARNING * * *
The orc barely misses you. The orc hits you with a +0 club.
* * * LOW HITPOINT WARNING * * *
The gnoll barely misses you.
You closely miss the gnoll.
The gnoll is heavily wounded.
You hit the orc. The gnoll hits you with a +0 halberd!
You die...

..#.#.# .#.#.# . .
. ....##. ....
#.#... ....
..#.######.#.##....
##.#..............#
#....#
#....)g##.###..
#....#
#(...)@o.......
##<...#
#.........####.
#.....###...#..####
###..............#
..............#.##
##......###....#
#.#.##.###.#### #
#.##.....#
#.########


You could see a gnoll (swift) and an orc.

Vanquished Creatures
  A howler monkey (D:5)
  A gnoll bouda (D:5)
  5 gnolls
  2 adders (D:4)
  3 worms
  2 dart slugs
  4 orcs (D:3)
  5 bats
  6 endoplasms
  3 giant cockroaches
  7 goblins
  A hobgoblin (D:2)
  2 jackals (D:4)
  7 quokkas
  9 ball pythons
  2 frilled lizards
  7 kobolds
  8 rats
75 creatures vanquished.

Notes
Turn   | Place    | Note
-------+----------+-------------------------------------------
     0 | D:1      | Kel the Gargoyle Berserker began the quest for the Orb.
     0 | D:1      | Reached XP level 1. HP: 14/14 MP: 1/1
   277 | D:1      | Reached skill level 3 in Axes
   353 | D:1      | Reached XP level 2. HP: 19/19 MP: 2/2
   643 | D:1      | Reached ** piety under Trog
   671 | D:1      | Reached XP level 3. HP: 23/23 MP: 3/3
   837 | D:1      | Found a faded altar of an unknown god.
  1234 | D:2      | Reached skill level 4 in Axes
  1376 | D:2      | Reached XP level 4. HP: 8/28 MP: 4/4
  3528 | D:3      | Found a glowing silver altar of Zin.
  3647 | D:4      | Reached skill level 5 in Axes
  3647 | D:4      | Reached XP level 5. HP: 23/32 MP: 5/5
  4148 | D:5      | Entered Level 5 of the Dungeon
  4377 | D:5      | Slain by a gnoll

Illustrated notes

Levels and vault maps discovered:
D:1:      giann_wishing_wells, layout_basic,
          hellmonk_ecumenical_altar_inner_sanctum
D:2:      layout_rooms
D:3:      layout_basic, zin_academy
D:4:      layout_rooms
D:5:      lemuel_ice_spiral_2, layout_basic

Skill      XL: |  1  2  3  4 |
---------------+-------------+-----
Axes           | 3 4 5 |  5.9
Fighting       | |  3.2
Armour         | |  2.1
Dodging        | |  1.5

Action                   |  1- 3 |  4- 6 || total
-------------------------+-------+-------++-------
Melee: Hand axe          |    95 |   147 ||   242
       Punch             |     1 |     2 ||     3
Invok: Berserk           |       |     1 ||     1
Armor: Animal skin       |     5 |       ||     5
       Scale mail        |    43 |    59 ||   102
       Chain mail        |       |     5 ||     5
Dodge: Dodged            |    63 |    62 ||   125
